 Seeded DCSS version 0.28.0-43-g3370ac3207 (webtiles) character file.

Game seed: 7121082916606783627 (custom seed)

79 gzilladon the Chopper (level 4, -6/41 HPs)
             Began as a Hill Orc Monk on Mar 30, 2022.
             Was a Believer of Beogh.
             Mangled by an ice beast (13 damage)
             ... on level 3 of the Dungeon.
             The game lasted 00:10:14 (2681 turns).

gzilladon the Chopper (Hill Orc Monk)               Turns: 2681, Time: 00:10:15

Health: -6/41      AC:  8    Str: 15    XL:     4   Next: 38%
Magic:  1/4        EV:  7    Int: 10    God:    Beogh [**....]
Gold:   117        SH:  0    Dex: 13    Spells: 3/3 levels left

rFire   . . .      SeeInvis +   a - +0 hand axe
rCold   . . .      Faith    .   (no shield)
rNeg    . . .      Spirit   .   o - +0 chain mail
rPois   .          Reflect  .   (no helmet)
rElec   .          Harm     .   (no cloak)
rCorr   .          Rampage  .   (no gloves)
Will    .....                   (no boots)
Stlth   ..........              (no amulet)
HPRegen 0.13/turn               n - ring of see invisible
MPRegen 0.09/turn               (no ring)

@: no status effects
A: no striking features
a: Renounce Religion, Smiting


You were on level 3 of the Dungeon.
You worshipped Beogh.
Beogh was pleased with you.
You visited 1 branch of the dungeon, and saw 3 of its levels.

You collected 117 gold pieces.

Inventory:

Hand Weapons
 a - a +0 hand axe (weapon)
Missiles
 c - 38 stones (quivered)
 h - 22 poisoned darts
Armour
 b - a +0 robe
 d - a +0 leather armour
 e - a +0 ring mail
 o - a +0 chain mail (worn)
Jewellery
 n - a ring of see invisible (left hand)
Scrolls
 f - a scroll of teleportation {unknown}
 g - 3 scrolls of immolation {unknown}
 i - a scroll of torment {unknown}
 j - 4 scrolls of identify {unknown}
 l - a scroll of blinking {unknown}
 m - a scroll of summoning {unknown}
Potions
 k - a potion of attraction {unknown}
 p - a potion of curing {unknown}


   Skills:
 * Level 4.5 Fighting
 + Level 5.3 Axes
 * Level 1.0 Armour
 + Level 2.5 Dodging
 * Level 1.7 Stealth
 * Level 1.2 Invocations


You had 3 spell levels left.
You didn't know any spells.
Your spell library contained the following spells:

 Spells                   Type           Power      Damage    Failure   Level
 Conjure Flame            Conj/Fire      0%         6-21      100%        3
 Ignite Poison            Fire/Tmut/Pois 0%         N/A       100%        3
 Sticky Flame             Conj/Fire      0%         2d3       100%        4


Dungeon Overview and Level Annotations

Branches:
Dungeon (3/15)

Altars:
Uskayaw

Shops:
D:1 *


Message History

Okay, then.
You see here a +0 dagger.
Found a +0 whip.
An ice beast comes into view.
Aiming: Smiting
Press: ? - help, Dir - move target, f - ice beast Smite: an ice beast (lightly wounded)
You smite the ice beast!
The ice beast is heavily wounded.
You closely miss the ice beast.
The ice beast is heavily wounded.
The ice beast hits you. The ice beast freezes you!
You hit the ice beast.
The ice beast is severely wounded.
The ice beast hits you but does no damage. x2
You hit the ice beast.
The ice beast is severely wounded.
The ice beast hits you but does no damage.
You hit the ice beast.
The ice beast is almost dead.
The ice beast barely misses you.
You closely miss the ice beast.
The ice beast is almost dead.
The ice beast hits you. The ice beast freezes you!
* * * LOW HITPOINT WARNING * * *
You hit the ice beast but do no damage.
The ice beast is almost dead.
The ice beast hits you but does no damage.
You closely miss the ice beast.
The ice beast is almost dead.
The ice beast hits you but does no damage.
You hit the ice beast.
The ice beast is almost dead.
The ice beast hits you but does no damage.
You hit the ice beast but do no damage.
The ice beast is almost dead.
The ice beast hits you.
* * * LOW HITPOINT WARNING * * *
The ice beast freezes you!
You die...

... ...
..).######### .
............. ..
...........###....#
. ....#.#.#......#
#.#...#.#.#.#....#
#.#Y..#.#.#.#....#
#..@..#.....#....###
#.#..##.#...#......#
#.#.......).#......#
# ##.####.....#....#
#................
#####............
###.##.######
#.##.### #.##...#


You could see an ice beast.

Vanquished Creatures
  2 adders (D:2)
  2 worms (D:2)
  A dart slug (D:2)
  An orc (D:2)
  4 endoplasms
  A giant cockroach (D:1)
  5 goblins
  6 hobgoblins
  7 quokkas
  5 ball pythons
  2 bats (D:1)
  A frilled lizard (D:3)
  9 kobolds
  A rat (D:1)
47 creatures vanquished.

Vanquished Creatures (others)
  An orc priest (D:3)
  A howler monkey zombie (D:3)
  An orc (D:3)
  A goblin (D:3)
  A giant cockroach zombie (D:3)
  12 plants (D:1)
  7 toadstools (D:3)
24 creatures vanquished.

Grand Total: 71 creatures vanquished

Notes
Turn   | Place    | Note
-------+----------+-------------------------------------------
     0 | D:1      | gzilladon the Hill Orc Monk began the quest for the Orb.
     0 | D:1      | Reached XP level 1. HP: 19/19 MP: 1/1
   194 | D:3      | Noticed an orc priest
   195 | D:3      | Noticed an orc priest
   195 | D:3      | Noticed an orc priest
   196 | D:3      | Became a worshipper of Beogh the Brigand
   196 | D:3      | Reached * piety under Beogh
   196 | D:3      | Reached ** piety under Beogh
   319 | D:1      | Reached XP level 2. HP: 20/27 MP: 2/2
   621 | D:1      | Found Rirorouf's Assorted Antiques.
   789 | D:1      | Reached skill level 5 in Axes
  1069 | D:2      | Reached XP level 3. HP: 33/33 MP: 3/3
  1341 | D:2      | Reached skill level 1 in Invocations
  1521 | D:2      | Reached XP level 4. HP: 37/40 MP: 4/4
  2269 | D:2      | Found a faded altar of an unknown god.
  2392 | D:3      | Reached skill level 1 in Armour
  2533 | D:3      | Found a hide-covered altar of Uskayaw.
  2669 | D:3      | Noticed an ice beast
  2681 | D:3      | Mangled by an ice beast

Illustrated notes

Levels and vault maps discovered:
D:1:      minmay_arrival_plants_in_alcoves, layout_rooms, serial_shops, shop,
          chequers_serial_rivers_large_b
D:2:      layout_rooms, hellmonk_ecumenical_altar_leap_of_faith,
          minmay_door_square, nicolae_concentric_dashed_squares_mild
D:3:      cheibrodos_fertilizer, layout_basic, lemuel_tele_altar,
          lemuel_zombie_altar_yredelemnul, serial_shops,
          nicolae_shop_behind_doors, serial_rivers,
          chequers_serial_rivers_small_a, chequers_serial_rivers_micro_c,
          chequers_serial_rivers_room_a, chequers_serial_rivers_micro_e,
          chequers_serial_rivers_small_a, kennysheep_generic_room_9

Skill      XL: |  1  2  3  4 |
---------------+-------------+-----
Axes           | 5 |  5.3
Fighting       | 4 |  4.5
Invocations    | 1 |  1.2
Armour         | 1 |  1.0
Dodging        | |  2.5
Stealth        | |  1.7

Action                   |  1- 3 |  4- 6 || total
-------------------------+-------+-------++-------
Melee: Hand axe          |   154 |    50 ||   204
       Punch             |       |     1 ||     1
Invok: Convert to Beogh  |     1 |       ||     1
       Smiting           |       |     1 ||     1
Armor: Leather armour    |     5 |       ||     5
       Ring mail         |    37 |     5 ||    42
       Chain mail        |       |    18 ||    18
Dodge: Dodged            |    78 |    15 ||    93
